 Dungeon Crawl Stone Soup version 0.28.0 (webtiles) character file.

Game seed: 9370565387586438652

79 Sanktem7 the Covered (level 4, -1/41 HPs)
             Began as a Minotaur Fighter on Feb 9, 2022.
             Killed from afar by an orc wizard (7 damage)
             ... with a puff of flame
             ... on level 3 of the Dungeon.
             The game lasted 00:02:50 (1936 turns).

Sanktem7 the Covered (Minotaur Fighter)             Turns: 1936, Time: 00:02:51

Health: -1/41      AC:  7    Str: 22    XL:     4   Next: 16%
Magic:  3/3        EV:  9    Int:  5    God:
Gold:   91         SH:  9    Dex: 10    Spells: 3/3 levels left

rFire   . . .      SeeInvis .   a - +0 long sword
rCold   . . .      Faith    .   c - +0 buckler
rNeg    . . .      Spirit   .   b - +0 scale mail
rPois   .          Reflect  +   (helmet restricted)
rElec   .          Harm     .   (no cloak)
rCorr   .          Rampage  .   (no gloves)
Will    .....                   (no boots)
Stlth   ..........              h - amulet of reflection
HPRegen 0.13/turn               (no ring)
MPRegen 0.08/turn               (no ring)

@: no status effects
A: horns 2, retaliatory headbutt
a: no special abilities


You were on level 3 of the Dungeon.
You visited 1 branch of the dungeon, and saw 3 of its levels.

You collected 91 gold pieces.

Inventory:

Hand Weapons
 a - a +0 long sword (weapon)
Armour
 b - a +0 scale mail (worn)
 c - a +0 buckler (worn)
Jewellery
 f - an amulet of magic regeneration
 h - an amulet of reflection (around neck)
 i - a ring of willpower
Scrolls
 k - a scroll of noise {unknown}
Potions
 d - a potion of might
 e - 2 potions of curing {unknown}
 g - 3 potions of heal wounds {unknown}
 j - a potion of attraction {unknown}


   Skills:
 * Level 4.3 Fighting
 * Level 3.4 Long Blades
 * Level 4.3 Armour
 + Level 0.7 Dodging
 + Level 4.1 Shields


You had 3 spell levels left.
You didn't know any spells.
Your spell library contained the following spells:

 Spells                   Type           Power      Damage    Failure   Level
 Freeze                   Ice            0%         1d3       87%         1
 Frozen Ramparts          Ice            0%         1d2       99%         3
 Hailstorm                Conj/Ice       0%         3d3       100%        4


Dungeon Overview and Level Annotations

Branches:
Dungeon (3/15)

Altars:
Kikubaaqudgha

Shops:
D:2 [


Innate Abilities, Weirdness & Mutations

You have a pair of horns on your head.
You reflexively headbutt those who attack you in melee.


Message History

The puff of flame hits you.
* * * LOW HITPOINT WARNING * * *
You miss something. Your headbutt misses something.
Something hits you but does no damage.
You hit something but do no damage.
An orc wizard appears from thin air!
Reactivating autopickup.
The orc wizard gestures at you while chanting.
You are confused.
The orc wizard closely misses you.
You closely miss the orc wizard. Your headbutt misses the orc wizard.
The orc wizard hits you but does no damage.
You're too confused to move!
The orc wizard mumbles some strange words.
The orc wizard flickers and vanishes!
Deactivating autopickup; reactivate with Ctrl-A.
You miss something. Something hits you.
* * * LOW HITPOINT WARNING * * *
Unknown command.
You miss something.
Something hits you but does no damage. x2
You bump into the rock wall.
Something completely misses you.
You hit something. Your headbutt misses something.
You feel less confused. Something hits you but does no damage.
You closely miss something. Your headbutt misses something.
You hear some strange, mumbled words.
A magic dart appears from out of thin air!
The magic dart hits you but does no damage.
You miss something. Something hits you.
* * * LOW HITPOINT WARNING * * *
You barely miss something. You block something's attack.
Something hits you but does no damage.
You slash something! Your headbutt misses something. Something hits you.
* * * LOW HITPOINT WARNING * * *
You barely miss something. Your headbutt misses something.
Something hits you but does no damage.
You miss something. Something hits you but does no damage.
You hear some strange, mumbled words.
A puff of flame appears from out of thin air!
The puff of flame hits you!
You die...

.... ########.####
###############............
#...............######.####
#...............#...÷......
#...........†...#.####.#.#.
#.......).......#.## #.#.#
+.................>###.#.#
#........{@.....#........#
##########)####.#.####.....
#.....#.#.# ######
#.....#.#.. #.....#.###
#.....#.# ......#. ......#
.......#


There were no monsters in sight!

Vanquished Creatures
  2 adders
  A dart slug (D:1)
  4 orcs (D:3)
  3 bats
  5 endoplasms
  4 giant cockroaches (D:1)
  3 goblins
  7 hobgoblins
  2 jackals (D:1)
  A quokka (D:1)
  6 ball pythons
  8 frilled lizards
  2 kobolds (D:1)
  4 rats
52 creatures vanquished.

Notes
Turn   | Place    | Note
-------+----------+-------------------------------------------
     0 | D:1      | Sanktem7 the Minotaur Fighter began the quest for the Orb.
     0 | D:1      | Reached XP level 1. HP: 19/19 MP: 0/0
     2 | D:1      | Noticed a dwarf
     2 | D:1      | Noticed an elf
     4 | D:1      | Noticed a vampire
     4 | D:1      | Noticed a tengu
     6 | D:1      | Noticed a merfolk
     8 | D:1      | Noticed an ogre
     8 | D:1      | Noticed a naga
    10 | D:1      | Noticed a felid
    13 | D:1      | Noticed a human
    15 | D:1      | Noticed a ghoul
    15 | D:1      | Noticed a gargoyle
    17 | D:1      | Noticed a troll
    17 | D:1      | Noticed a demigod
    19 | D:1      | Noticed a vine stalker
    19 | D:1      | Noticed a spriggan
    21 | D:1      | Noticed a formicid
    21 | D:1      | Noticed a minotaur
    23 | D:1      | Noticed a demonspawn
    25 | D:1      | Noticed a draconian
    25 | D:1      | Noticed an octopode
   206 | D:1      | Reached XP level 2. HP: 27/27 MP: 1/1
   535 | D:1      | Reached XP level 3. HP: 33/33 MP: 2/2
   907 | D:2      | Found Icocs's Antique Armour Boutique.
   991 | D:2      | Found an ancient bone altar of Kikubaaqudgha.
  1262 | D:2      | Found a faded altar of an unknown god.
  1889 | D:3      | Reached XP level 4. HP: 40/40 MP: 3/3
  1936 | D:3      | Killed from afar by an orc wizard

Illustrated notes

Levels and vault maps discovered:
D:1:      kb_arrival_jail, layout_loops_ring, glass_columns_b,
          grunt_decor_mini_mirrors
D:2:      layout_basic, serial_shops, shop, basic_altar,
          ebering_ecumenical_altar_rust, kennysheep_generic_room_3
D:3:      layout_basic, nicolae_elyvilon_peaceful_grove

Skill      XL: |  1  2  3 |
---------------+----------+-----
Fighting       | 4 |  4.3
Armour         | 4 |  4.3
Shields        | 4 |  4.1
Long Blades    | 3 |  3.4
Dodging        | |  0.7

Action                   |  1- 3 |  4- 6 || total
-------------------------+-------+-------++-------
Melee: Long sword        |   105 |    29 ||   134
       Headbutt          |    12 |       ||    12
Armor: Scale mail        |    35 |    22 ||    57
Dodge: Dodged            |    39 |     6 ||    45
Block: Buckler           |    39 |    17 ||    56
       Reflection        |     4 |       ||     4
